 Dungeon Crawl Stone Soup version 0.19-a0-1379-gd925bfa (webtiles) character file.

226208 IcyTea the Swashbuckler (level 18, -7/141 HPs)
             Began as a Vampire Enchanter on Sept 2, 2016.
             Was a Follower of Uskayaw.
             Mangled by a merfolk impaler
             ... wielding a +2 trident of piercing
              (17 damage)
             ... on level 3 of the Shoals on Sept 3, 2016.
             The game lasted 05:22:13 (57262 turns).

IcyTea the Swashbuckler (Vampire Enchanter)        Turns: 57262, Time: 05:22:13

Health: -7/141     AC: 12    Str: 16    XL:     18   Next: 64%
Magic:  33/33      EV: 23    Int: 20    God:    Uskayaw [*.....]
Gold:   1981       SH: 10    Dex: 20    Spells: 9 memorised, 7 levels left

rFire  + . .     SeeInvis +     a - +9 short sword (elec)
rCold  + . .     Gourm    .     u - +2 leather armour of the World {Str+6 SInv}
rNeg   + + +     Faith    .     T - +0 buckler
rPois  +         Spirit   .     (helmet restricted)
rElec  .         Dismiss  .     c - +1 cloak
rCorr  .         Reflect  +     k - +2 pair of gloves of the Doldrums {rC+ rN++ Dex+2}
MR     ++...     Harm     .     O - +2 pair of boots of the Assassin {DetectMon Stab+ Stlth++}
Stlth  ++++++++.. Clarity  +    V - +4 amulet of reflection
                                w - ring "Qiucyleq" {+Inv EV+2 Str+3 Stlth+}
                                C - ring of protection from magic

@: about to teleport
A: antennae 1, fangs 3, repulsion field 1, see invisible, clarity, clumsy 1,
deformed body, fire resistance 1, mutation resistance 1, sense surroundings 1,
poison resistance, unbreathing
a: Bat Form, Stomp, Renounce Religion, Evoke Invisibility
}: 1/15 runes: gossamer


You were on level 3 of the Shoals.
You worshipped Uskayaw.
Uskayaw was aware of your devotion.
You were not thirsty.

You visited 7 branches of the dungeon, and saw 33 of its levels.
You also visited: Ice Cave.

You collected 2761 gold pieces.
You spent 780 gold pieces at shops.

Inventory:

Hand Weapons
 a - a +9 short sword of electrocution (weapon)
 b - a +2 blowgun
 l - a +4 rapier of speed
Missiles
 y - 53 poisoned needles
 A - 6 tomahawks of dispersal (quivered)
Armour
 c - a +1 cloak (worn)
 k - the +2 pair of gloves of the Doldrums (worn) {rC+ rN++ Dex+2}
   (You acquired it on level 1 of the Lair of Beasts)

   It affects your dexterity (+2).
   It protects you from cold.
   It greatly protects you from negative energy.
 u - the +2 leather armour of the World (worn) {Str+6 SInv}
   (You found it on level 6 of the Dungeon)

   It affects your strength (+6).
   It lets you see invisible.
 O - the +2 pair of boots of the Assassin (worn) {DetectMon Stab+ Stlth++}
   (You found it on level 6 of the Lair of Beasts)

   It makes you much more stealthy.
 T - a +0 buckler (worn)
Jewellery
 i - a +5 ring of protection
 w - the ring "Qiucyleq" (right hand) {+Inv EV+2 Str+3 Stlth+}
   (You found it on level 7 of the Dungeon)

   [ring of evasion]

   It affects your evasion (+2).
   It affects your strength (+3).
   It lets you turn invisible.
   It makes you more stealthy.
 z - an uncursed ring of protection from magic
 C - a ring of protection from magic (left hand)
 V - a +4 amulet of reflection (around neck)
Wands
 d - a wand of lightning (15/15)
 o - a wand of teleportation (7/9)
 q - a wand of teleportation (3/9)
 v - a wand of acid (2/15)
 F - a wand of iceblast (7/15)
 P - a wand of disintegration (10/24)
Scrolls
 e - 7 scrolls of teleportation
 g - 7 scrolls of remove curse
 n - a scroll of enchant weapon
 p - a scroll of fog
 r - a scroll of vulnerability
 t - 2 scrolls of recharging
 x - a scroll of magic mapping
 E - 16 scrolls of identify
 R - a scroll of amnesia
 S - 2 scrolls of blinking
Potions
 f - a potion of haste
 h - 3 potions of magic
 j - 3 potions of resistance
 s - 11 potions of blood
 H - a potion of cancellation
 U - 5 potions of ambrosia
Books
 m - a book of Ice

   Spells                             Type                      Level
   a - Ice Form                       Ice/Transmutation            4
   b - Metabolic Englaciation         Hexes/Ice                    5
   c - Ozocubu's Refrigeration        Ice                          6
   d - Bolt of Cold                   Conjuration/Ice              6
   e - Freezing Cloud                 Conjuration/Ice/Air          6
   f - Simulacrum                     Ice/Necromancy               6
Miscellaneous
 G - a box of beasts
 M - a phantom mirror


   Skills:
 - Level 12.5 Fighting
 - Level 18.0 Short Blades
 - Level 2.0 Throwing
 - Level 3.0 Armour
 - Level 9.0 Dodging
 - Level 10.1 Stealth
 - Level 4.0 Shields
 - Level 11.7 Spellcasting
 - Level 1.2 Conjurations
 - Level 16.0 Hexes
 - Level 12.0 Ice Magic
 - Level 10.1 Invocations
 - Level 7.0 Evocations


You had 7 spell levels left.
You knew the following spells:

 Your Spells              Type           Power        Failure   Level  Hunger
a - Ensorcelled Hibernat  Hex/Ice        ######       1%          2    None
b - Confuse               Hex            ######..     1%          3    None
c - Tukima's Dance        Hex            ######..     1%          3    None
d - Fulminant Prism       Conj/Hex       #####.....   1%          4    #......
e - Metabolic Englaciati  Hex/Ice        ######....   1%          5    ####...
f - Ozocubu's Refrigerat  Ice            ######....   10%         6    ######.
g - Summon Ice Beast      Ice/Summ       #####...     10%         4    #......
h - Summon Butterflies    Summ           ##......     10%         1    None
i - Summon Mana Viper     Hex/Summ       #####...     10%         5    ####...


Dungeon Overview and Level Annotations

Branches:
Dungeon (15/15)            Temple (1/1) D:5            Lair (6/6) D:10
 Shoals (4/4) Lair:4       Spider (4/4) Lair:4        Slime (1/5) Lair:6
    Orc (2/2) D:11            Elf (0/3) Orc:2        Vaults (0/5) D:13
 Depths: D:15

Altars:
Ashenzari
Cheibriados
Dithmenos
Elyvilon
Fedhas
Gozag
Hepliaklqana
Kikubaaqudgha
Makhleb
Nemelex Xobeh
Okawaru
Qazlal
Ru
Sif Muna
Trog
Uskayaw
Vehumet
Xom
Yredelemnul
Zin
The Shining One
Beogh
Jiyva

Shops:
D:4 [   D:9 *!=*(   D:11 *([   Orc:2 ?(![:

Annotations:
D:10 Snorg
D:14 Banto's ghost, adept HuSk
Spider:2 Asterion
Spider:4 exclusion: Roxanne, Roxanne


Innate Abilities, Weirdness & Mutations

You have razor-sharp teeth.
You have supernaturally acute eyesight. (SInv)
You can survive without breathing.
You have a pair of small antennae on your head.
You are surrounded by a mild repulsion field. (EV +2)
You possess an exceptional clarity of mind.
You are clumsy. (Dex -2)
Armour fits poorly on your strangely shaped body.
Your flesh is heat resistant. (rF+)
You are somewhat resistant to further mutation.
You passively map a small area around you.
Your system is resistant to poisons. (rPois)


Message History

There is a stone staircase leading down here.
You feel much better. You block the merfolk's attack.
The merfolk hits you but does no damage.
The merfolk impaler hits you with a trident of piercing.
* * * LOW HITPOINT WARNING * * *
x2 Evoke which item? (* to show all) (? for menu, Esc to quit)
Zapping:
q - a wand of teleportation (4/9)
Press: ? - help, Shift-Dir - straight line, f - you You feel strangely unstable.
This wand has 3 charges left.
You block the merfolk's attack.
The merfolk impaler completely misses you.
The merfolk closely misses you.
The merfolk impaler hits you with a trident of piercing!
* * * LOW HITPOINT WARNING * * *
x2 The merfolk hits you from afar with a spear!!
* * * LOW HITPOINT WARNING * * *
The merfolk completely misses you. The merfolk impaler barely misses you.
You feel better. You block the merfolk's attack.
The merfolk impaler hits you with a trident of piercing!
You die...

PP≈≈≈≈≈≈≈≈......###........###..≈
≈≈P≈≈≈≈≈≈≈.###..####........##..≈
≈≈≈≈≈≈≈≈≈≈.(#####.######.≈≈....P≈
≈≈≈≈≈≈≈≈≈≈≈≈..###..### #..≈≈..≈P.
≈≈≈≈≈≈≈≈≈≈≈..........# #..≈≈≈PP≈.
≈≈≈≈≈≈≈≈≈≈≈####.....P# #......≈≈P
.≈≈≈≈≈≈≈≈≈.# #...m).P###.....≈P≈≈
.≈≈≈≈≈≈≈≈≈)###..m>..PP...≈..≈≈≈≈≈
≈≈≈≈≈≈≈≈≈()...(.@[m≈≈≈...≈.≈≈≈≈≈≈
≈≈≈≈≈≈%)...........≈≈≈≈≈.≈...≈≈≈≈
≈≈≈≈≈..####........≈≈≈≈≈≈≈.#.|)≈≈
≈≈≈≈≈..# ##......|.≈≈≈.≈≈.....≈≈≈
≈≈≈≈≈.)###......≈≈≈≈≈≈.........≈≈
(≈≈≈≈≈.....≈≈≈≈≈≈≈≈≈≈≈≈..≈.......
≈(≈≈≈(≈≈≈.≈≈≈≈.≈≈≈≈≈≈≈≈≈≈≈≈≈(.###
≈≈≈(≈≈≈≈≈≈≈≈≈...(≈≈≈≈≈≈≈≈≈≈≈.[# *
≈≈≈≈≈≈≈≈≈≈≈≈≈≈≈≈≈≈≈≈≈≈≈≈≈≈≈..##


You could see a merfolk impaler and 2 merfolk.

Vanquished Creatures
  Bai Suzhen (Spider:3)
  Arachne (Spider:2)
  The ghost of MrRokkomies the Brawler, an adept TrCK of Jiyva (Spider:4)
  Gastronok (D:9)
  A kraken (Shoals:3)
  Donald (Spider:2)
  Ilsuiw (Shoals:4)
  5 emperor scorpions
  6 ghost moths
  4 entropy weavers
  2 spark wasps (Spider:4)
  The ghost of runewalsh the Frost Mage, a journeyman OpIE of Gozag (Lair:6)
  2 merfolk javelineers
  10 merfolk impalers
  A yaktaur captain (D:13)
  Erolcha (D:10)
  9 hydras
  3 merfolk avatars
  2 centaur warriors (D:13)
  An alligator snapping turtle (Shoals:3)
  4 satyrs (Shoals:3)
  A tengu warrior (D:11)
  3 merfolk aquamancers (Shoals:3)
  4 ogre magi (Orc:2)
  A queen ant (Spider:1)
  3 death yaks
  Urug (D:11)
  Nergalle (D:10)
  An orc high priest (Orc:1)
  A fire crab (Lair:4)
  12 sea snakes
  3 unseen horrors
  8 harpies
  4 hill giants
  A necromancer (IceCv)
  A harpy (shapeshifter) (D:13)
  2 orc knights
  A deep elf mage (D:12)
  6 griffons
  8 hornets
  19 orb spiders
  45 wolf spiders
  4 cyclopes
  5 orc sorcerers
  9 ugly things
  13 fauns
  A moth of wrath (shapeshifter) (D:14)
  15 sirens
  5 manticores
  4 moths of wrath
  Joseph (D:10)
  7 water nymphs
  3 elephants
  A molten gargoyle (Lair:5)
  4 ice statues (IceCv)
  A gargoyle (D:14)
  3 black mambas
  2 torpor snails
  17 spiny frogs
  2 rime drakes
  7 komodo dragons
  9 ice devils (IceCv)
  A yaktaur (D:13)
  16 demonic crawlers
  6 trolls
  31 merfolk
  39 jumping spiders
  2 dancing weapons
  A polar bear (Lair:6)
  6 meliai (D:14)
  13 two-headed ogres
  4 giant leeches (Lair:6)
  15 blink frogs
  2 boulder beetles
  3 snapping turtles
  3 slime creatures (D:11)
  16 dream sheep
  140 redbacks
  2 shadows
  47 tarantellas
  3 spriggans (Lair:2)
  Sigmund (D:2)
  A vampire (D:10)
  6 water elementals
  3 basilisks
  4 wyverns
  43 yaks
  3 hungry ghosts
  14 hippogriffs
  4 vampire mosquitoes (Lair:6)
  4 wargs
  8 water moccasins
  5 soldier ants (Spider:1)
  10 porcupines
  2 sky beasts
  22 orc warriors
  3 ice beasts
  4 wasps
  An eye of draining (D:10)
  3 phantoms
  3 boggarts (D:15)
  30 ogres
  7 wolves
  17 centaurs
  17 crocodiles
  4 big kobolds (D:9)
  18 giant frogs
  A gnoll sergeant (D:10)
  4 scorpions
  16 killer bees
  8 wights
  2 howler monkeys
  A vampire bat (Lair:3)
  7 electric eels
  4 centaur zombies
  2 giant frog zombies
  9 crimson imps
  3 draconian simulacra (IceCv)
  7 jellies
  8 hounds
  9 orc priests
  2 centaur skeletons
  24 orc wizards
  9 iguanas
  26 worker ants
  A spriggan simulacrum (IceCv)
  4 troll simulacra (IceCv)
  A hound zombie (D:11)
  A hound skeleton (D:5)
  9 adders
  3 gnolls (D:10)
  A howler monkey skeleton (D:4)
  A naga simulacrum (IceCv)
  An ogre simulacrum (IceCv)
  85 river rats
  3 shadow imps
  12 white imps (Lair:3)
  3 oozes
  An adder skeleton (D:6)
  A worm (D:1)
  5 giant geckos
  83 orcs
  5 giant cockroaches
  10 goblins
  4 hobgoblins
  3 jackals (D:2)
  12 kobolds
  7 quokkas
  9 bats
  2 giant gecko zombies
  3 giant newts
  2 quokka skeletons
  4 rats
  A plant (Lair:2)
  4 tentacles (Shoals:3)
1307 creatures vanquished.

Vanquished Creatures (others)
  A merfolk javelineer (Shoals:3)
  A merfolk aquamancer (Shoals:4)
  A demonic crawler (Spider:4)
  A jumping spider (Spider:3)
  45 fulminant prisms
  16 fungi
  78 plants
  4 tentacles (Shoals:3)
147 creatures vanquished.

Grand Total: 1454 creatures vanquished

Notes
Turn   | Place    | Note
-------+----------+-------------------------------------------
     0 | D:1      | IcyTea the Vampire Enchanter began the quest for the Orb.
     0 | D:1      | Reached XP level 1. HP: 13/13 MP: 3/3
    70 | D:1      | Reached skill level 2 in Short Blades
   137 | D:1      | Reached XP level 2. HP: 18/19 MP: 3/5
   147 | D:1      | Learned a level 2 spell: Ensorcelled Hibernation
   362 | D:1      | Reached skill level 1 in Ice Magic
  1218 | D:2      | Reached XP level 3. HP: 24/24 MP: 6/6
  1297 | D:2      | Reached skill level 3 in Short Blades
  1365 | D:2      | Noticed Sigmund
  1372 | D:2      | Killed Sigmund
  1372 | D:2      | Reached skill level 5 in Short Blades
  1372 | D:2      | Reached XP level 4. HP: 18/30 MP: 4/7
  1372 | D:2      | Reached XP level 5. HP: 22/35 MP: 4/8
  1963 | D:2      | Learned a level 3 spell: Confuse
  1967 | D:2      | Learned a level 3 spell: Tukima's Dance
  2127 | D:3      | Found a shadowy altar of Dithmenos.
  2161 | D:2      | Reached skill level 6 in Short Blades
  2230 | D:3      | Reached skill level 5 in Hexes
  2264 | D:3      | Reached XP level 6. HP: 31/41 MP: 1/9
  3020 | D:4      | Found Enkod's Antique Armour Boutique.
  3047 | D:4      | Gained mutation: Your muscles are strong. (Str +2) [potion of mutation]
  3047 | D:4      | Lost mutation: Your muscles are strong. (Str +2) [potion of mutation]
  3047 | D:4      | Gained mutation: You are clumsy. (Dex -2) [potion of mutation]
  3321 | D:5      | Entered Level 5 of the Dungeon
  3994 | D:5      | Reached XP level 7. HP: 41/46 MP: 10/10
  4504 | D:5      | Learned a level 4 spell: Fulminant Prism
  4626 | D:5      | Found a staircase to the Ecumenical Temple.
  4753 | Temple   | Entered the Ecumenical Temple
  4825 | Temple   | Became a worshipper of Uskayaw the Reveler
  4894 | D:5      | Reached * piety under Uskayaw
  5069 | D:6      | Reached ** piety under Uskayaw
  5072 | D:6      | Reached *** piety under Uskayaw
  5078 | D:6      | Reached **** piety under Uskayaw
  5086 | D:6      | Reached ***** piety under Uskayaw
  5105 | D:6      | Reached skill level 5 in Spellcasting
  5105 | D:6      | Reached XP level 8. HP: 39/52 MP: 3/15
  5108 | D:6      | Reached skill level 1 in Invocations
  5143 | D:6      | Reached ****** piety under Uskayaw
  5312 | D:6      | Reached skill level 7 in Short Blades
  5502 | D:6      | Got an encrusted leather armour
  5545 | D:6      | Identified the +2 leather armour of the World {Str+6 SInv} (You found it on level 6 of the Dungeon)
  6044 | D:7      | Got a brightly glowing lead ring
  6045 | D:7      | Identified the ring "Qiucyleq" {+Inv EV+2 Str+3 Stlth+} (You found it on level 7 of the Dungeon)
  6060 | D:7      | Reached skill level 8 in Short Blades
  6071 | D:7      | Learned a level 5 spell: Metabolic Englaciation
  6493 | D:7      | Reached XP level 9. HP: 57/57 MP: 9/16
  6546 | D:7      | Reached skill level 10 in Hexes
  6867 | D:8      | Reached skill level 1 in Evocations
  7299 | D:8      | Reached skill level 1 in Fighting
  7405 | D:9      | Found Roroiff's Weapon Shop.
  7413 | D:9      | Bought a +1 short sword of electrocution for 174 gold pieces
  7422 | D:9      | Found Hogeror's General Store.
  7426 | D:9      | Reached skill level 5 in Stealth
  7457 | D:9      | Reached XP level 10. HP: 66/66 MP: 10/17
  7464 | D:9      | Found a blossoming altar of Fedhas.
  7562 | D:9      | Noticed Gastronok
  7573 | D:9      | Killed Gastronok
  7824 | D:9      | Found Qoutex's Jewellery Shop.
  7907 | D:9      | Found Liosysa's Assorted Antiques.
  8064 | D:9      | Found Orchonk's Distillery.
  8212 | D:9      | Noticed a two-headed hydra
  8217 | D:9      | Killed a two-headed hydra
  8391 | D:10     | Entered Level 10 of the Dungeon
  8446 | D:10     | Found a staircase to the Lair.
  8446 | D:10     | Noticed Erolcha
  8489 | D:10     | Reached skill level 1 in Conjurations
  8489 | D:10     | Reached XP level 11. HP: 75/78 MP: 20/20
  8497 | D:10     | Noticed Joseph
  8510 | D:10     | Killed Joseph
  9118 | D:10     | Noticed Nergalle
  9127 | D:10     | Killed Nergalle
  9324 | D:10     | Reached skill level 5 in Invocations
  9338 | D:10     | Killed Erolcha
  9338 | D:10     | Reached skill level 5 in Fighting
  9478 | D:10     | Noticed a hill giant
  9494 | D:10     | Killed a hill giant
  9513 | D:10     | Reached skill level 1 in Throwing
  9736 | D:11     | Noticed Snorg
 10254 | D:11     | Found Uruheh's General Store.
 10403 | D:11     | Noticed a hill giant
 10412 | D:11     | Killed a hill giant
 10798 | D:11     | Noticed a tengu warrior
 10806 | D:11     | Killed a tengu warrior
 10871 | D:11     | Found Qyuc's Weapon Shoppe.
 10873 | D:11     | Found a staircase to the Orcish Mines.
 10898 | D:11     | Noticed Urug
 10907 | D:11     | Killed Urug
 10922 | D:11     | Found Laniluum's Armour Shoppe.
 11092 | Lair:1   | Entered Level 1 of the Lair of Beasts
 11136 | Lair:1   | Reached skill level 1 in Armour
 11136 | Lair:1   | Reached XP level 12. HP: 84/89 MP: 22/22
 11289 | Lair:1   | Identified a scroll of acquirement
 11290 | Lair:1   | Got a pair of encrusted gloves
 11301 | Lair:1   | Identified the +2 pair of gloves of the Doldrums {rC+ rN++ Dex+2} (You acquired it on level 1 of the Lair of Beasts)
 12072 | Lair:1   | Reached skill level 9 in Short Blades
 12412 | Lair:2   | Noticed a death yak
 12431 | Lair:2   | Noticed a death yak
 12790 | Lair:2   | Got a pair of ancient boots
 12796 | Lair:2   | Identified the +2 pair of boots of Rotation {rF+ rCorr Str+2 Dex-5} (You acquired it on level 2 of the Lair of Beasts)
 12868 | Lair:1   | Reached skill level 10 in Short Blades
 13164 | Lair:1   | Killed a death yak
 13620 | Lair:2   | Learned a level 6 spell: Ozocubu's Refrigeration
 13646 | Lair:3   | Reached skill level 11 in Short Blades
 13706 | Lair:3   | Found a frozen archway.
 13789 | IceCv    | Entered an ice cave
 13900 | IceCv    | Reached skill level 12 in Short Blades
 15468 | IceCv    | Got an encrusted glaive
 15576 | Lair:3   | Reached skill level 13 in Short Blades
 15653 | Lair:4   | Reached XP level 13. HP: 94/94 MP: 23/23
 16148 | Lair:4   | Found a hole to the Spider Nest.
 16181 | Spider:1 | Entered Level 1 of the Spider Nest
 16269 | Lair:4   | Reached skill level 14 in Short Blades
 16357 | Lair:4   | Found a staircase to the Shoals.
 16378 | Lair:4   | Upgraded the game from 0.19-a0-1361-g42bf4bf to 0.19-a0-1379-gd925bfa
 18109 | Lair:6   | Entered Level 6 of the Lair of Beasts
 18543 | Lair:6   | Reached skill level 5 in Dodging
 18928 | Lair:6   | Noticed runewalsh's ghost (journeyman OpIE)
 18943 | Lair:6   | Killed runewalsh's ghost
 18953 | Lair:6   | Found a staircase to the Slime Pits.
 18953 | Lair:6   | Found a viscous altar of Jiyva.
 18994 | Slime:1  | Entered Level 1 of the Pits of Slime
 18994 | Slime:1  | Noticed an acid blob
 18994 | Slime:1  | Noticed an azure jelly
 20295 | Lair:6   | Reached XP level 14. HP: 103/103 MP: 24/27
 21071 | Spider:1 | Reached skill level 10 in Ice Magic
 21100 | Spider:1 | Noticed an entropy weaver
 21104 | Spider:1 | Noticed an entropy weaver
 21635 | Spider:1 | Killed an entropy weaver
 22260 | Spider:1 | Reached skill level 5 in Evocations
 23021 | Spider:1 | Killed an entropy weaver
 23041 | Spider:1 | Noticed an entropy weaver
 23078 | Spider:1 | Killed an entropy weaver
 24410 | Spider:2 | Noticed Arachne
 25040 | Spider:2 | You fall through a shaft!
 25193 | Spider:2 | Noticed Asterion
 25579 | Spider:2 | Killed Arachne
 25672 | Spider:2 | Gained mutation: Your system is resistant to poisons. (rPois) [potion of mutation]
 25672 | Spider:2 | Gained mutation: Your flesh is heat resistant. (rF+) [potion of mutation]
 27613 | Spider:2 | Reached XP level 15. HP: 24/115 MP: 20/28
 27969 | Spider:1 | Reached skill level 10 in Fighting
 28881 | D:11     | Gained mutation: Armour fits poorly on your strangely shaped body. [potion of mutation]
 28881 | D:11     | Gained mutation: You possess an exceptional clarity of mind. [potion of mutation]
 29105 | Orc:1    | Entered Level 1 of the Orcish Mines
 29167 | Orc:1    | Paralysed by an orc sorcerer for 6 turns
 29999 | Orc:2    | Entered Level 2 of the Orcish Mines
 30426 | Orc:2    | Reached skill level 10 in Spellcasting
 30464 | Orc:2    | Found Bizu's Armour Boutique.
 30465 | Orc:2    | Found Tepteit's Book Emporium.
 30634 | Orc:2    | Found Esif's Weapon Shoppe.
 30634 | Orc:2    | Found Neosh's Distillery.
 30643 | Orc:2    | Bought a potion of heal wounds for 85 gold pieces
 30643 | Orc:2    | Bought a potion of curing for 51 gold pieces
 30643 | Orc:2    | Bought a potion of heal wounds for 85 gold pieces
 30643 | Orc:2    | Bought a potion of curing for 51 gold pieces
 30673 | Orc:2    | Found a staircase to the Elven Halls.
 30791 | Orc:2    | Found Tutoq's Magic Scroll Shop.
 30802 | Orc:2    | Bought 2 scrolls of enchant weapon for 165 gold pieces
 30802 | Orc:2    | Bought a scroll of magic mapping for 38 gold pieces
 30802 | Orc:2    | Bought a scroll of torment for 82 gold pieces
 31990 | D:12     | Gained mutation: You are surrounded by a mild repulsion field. (EV +2) [potion of beneficial mutation]
 32285 | D:12     | Found a stormy altar of Qazlal.
 33022 | D:13     | Found a roughly hewn altar of Beogh.
 33288 | D:13     | Found a gate to the Vaults.
 33620 | D:14     | Reached skill level 15 in Short Blades
 33680 | D:14     | Noticed Banto's ghost (adept HuSk)
 35019 | D:15     | Entered Level 15 of the Dungeon
 35136 | D:15     | Reached XP level 16. HP: 125/125 MP: 30/30
 35294 | D:15     | Gained mutation: You passively map a small area around you. [potion of mutation]
 35294 | D:15     | Gained mutation: You have a pair of small antennae on your head. [potion of mutation]
 35294 | D:15     | Gained mutation: You are somewhat resistant to further mutation. [potion of mutation]
 35419 | Orc:2    | Bought a +0 cloak for 49 gold pieces
 35787 | Spider:3 | Reached skill level 10 in Stealth
 35991 | Spider:3 | HP: 5/125 [disintegration (39)]
 36280 | Spider:3 | Noticed Bai Suzhen
 37628 | Spider:3 | Reached skill level 16 in Short Blades
 38190 | Spider:4 | Entered Level 4 of the Spider Nest
 38229 | Spider:4 | Noticed Roxanne
 38490 | Spider:4 | Noticed Donald
 39162 | Shoals:1 | Entered Level 1 of the Shoals
 40628 | Shoals:1 | Reached skill level 1 in Shields
 41578 | Spider:3 | Reached skill level 10 in Invocations
 41900 | Spider:3 | Killed Bai Suzhen
 42009 | Spider:3 | Got an ancient glaive
 42375 | Spider:2 | Reached XP level 17. HP: 60/131 MP: 22/31
 42875 | Spider:2 | Killed Donald
 46932 | Spider:4 | Reached skill level 15 in Hexes
 47779 | Spider:4 | Noticed MrRokkomies's ghost (adept TrCK)
 48506 | Shoals:3 | Noticed a kraken
 48525 | Shoals:3 | Killed a kraken
 51102 | Spider:4 | Killed MrRokkomies's ghost
 51634 | Spider:4 | Reached skill level 17 in Short Blades
 51959 | Spider:4 | Reached XP level 18. HP: 105/141 MP: 19/32
 52283 | Spider:4 | Got a gossamer rune of Zot
 53209 | Shoals:4 | Entered Level 4 of the Shoals
 53644 | Shoals:3 | Reached skill level 18 in Short Blades
 54371 | Shoals:4 | Noticed Ilsuiw
 55820 | Shoals:4 | Killed Ilsuiw
 57193 | Shoals:4 | Learned a level 4 spell: Summon Ice Beast
 57195 | Shoals:4 | Learned a level 1 spell: Summon Butterflies
 57210 | Shoals:4 | Learned a level 5 spell: Summon Mana Viper
 57261 | Shoals:3 | HP: 3/141 [merfolk/spear (19)]
 57262 | Shoals:3 | Mangled by a merfolk impaler

Vault maps used:
D:1:      dpeg_arrival_chase
D:2:      uniq_sigmund
D:3:      nicolae_dithmenos_shadow_blocks
D:4:      serial_shops, shop_statue, first_bread
D:8:      lemuel_ice_spiral_2
D:9:      serial_shops, shop, shop_fountains, shop, nicolae_shop_crystal,
          nicolae_shop_window_shopping, hangedman_ranch, fedhas_altar_4,
          uniq_gastronok
D:10:     lair_0_dummy, uniq_erolcha, uniq_joseph, uniq_nergalle
D:11:     orc_david_3, serial_shops, nicolae_shop_trees, lab_entry_generic,
          uniq_urug, uniq_snorg
D:12:     basic_altar
D:13:     david_vaults_2, special_room
D:14:     hangedman_decor_riveting
D:15:     grunt_enter_depths_hoard, nicolae_ru_path_of_blood, basic_altar
Temple:   grunt_wide_crystal_templ
Lair:1:   infiniplex_staircase_pool
Lair:2:   wad_woods_02
Lair:3:   portal_ice_cave_entry_imps, roderic_batcave, grunt_megastairs_2,
          infiniplex_staircase_pool_2
Lair:4:   elwin_shoals_entry_rooms, spider_nest_entry_funnel_web,
          small_statue_intersection, columned_hall_lemuel
Lair:6:   minmay_lair_end_frog_pond, slime_altar_1, serial_bayou,
          serial_bayou_lagoon_b, serial_bayou_ford_a, serial_bayou_pond_d,
          serial_bayou_pond_e, minivault_27, lemuel_fruit_tree
Shoals:3: ldierk_geyser
Shoals:4: shoals_end_grunt_ice, shoals_ilsuiw_ice
Spider:1: minmay_another_anthill
Spider:2: nicolae_spider_webs_and_nodes, spider_trap, uniq_arachne,
          uniq_asterion
Spider:3: nicolae_spider_mines_3, spider_trap, uniq_bai_suzhen
Spider:4: grunt_spider_rune_parallel, uniq_donald, uniq_roxanne
Orc:2:    st_orc_ogre_mass, serial_shops, shop_statue
IceCv:    ice_cave_tombish

Skill      XL: |  1  2  3  4  5  6  7  8  9 10 11 12 13 14 15 16 17 18 |
---------------+-------------------------------------------------------+-----
Short Blades   | 2 5 6 8 13 14 15 16 17 18 | 18.0
Ice Magic      | 1 4 7 9 10 11 12 | 12.0
Hexes          | 5 7 8 9 11 13 14 16 | 16.0
Spellcasting   | 5 6 7 9 10 11 | 11.7
Invocations    | 2 3 5 8 10 | 10.1
Evocations     | 3 5 7 |  7.0
Fighting       | 1 4 6 7 9 11 12 | 12.5
Stealth        | 8 9 10 | 10.1
Conjurations   | 1 |  1.2
Throwing       | 2 |  2.0
Armour         | 1 2 3 |  3.0
Dodging        | 5 7 9 |  9.0
Shields        | 4 |  4.0

Action                   |  1- 3 |  4- 6 |  7- 9 | 10-12 | 13-15 | 16-18 || total
-------------------------+-------+-------+-------+-------+-------+-------++-------
Melee: Dagger            |    95 |   163 |   453 |       |       |       ||   711
       Bite              |    10 |    10 |    30 |    85 |    95 |   115 ||   345
       Short sword       |       |       |    14 |   724 |  1060 |  1036 ||  2834
 Fire: Blowgun           |       |       |       |       |       |     6 ||     6
 Cast: Corona            |     4 |       |       |       |       |       ||     4
       Ensorcelled Hiber |     7 |     4 |    32 |    34 |   346 |   496 ||   919
       Confuse           |       |     6 |    10 |    22 |    31 |    18 ||    87
       Fulminant Prism   |       |       |     2 |    19 |    10 |    14 ||    45
       Metabolic Englaci |       |       |       |     3 |     5 |     2 ||    10
       Ozocubu's Refrige |       |       |       |       |     7 |    13 ||    20
       Tukima's Dance    |       |       |       |       |     4 |    15 ||    19
Invok: Stomp             |       |       |     4 |     1 |       |       ||     5
 Abil: End Transformatio |       |     2 |       |     2 |     7 |     8 ||    19
       Bat Form          |       |     2 |       |     2 |     7 |     8 ||    19
       Evoke Invisibilit |       |       |       |       |       |     1 ||     1
Evoke: Wand              |       |       |       |       |       |     1 ||     1
  Use: Scroll            |     2 |    10 |     8 |    12 |    15 |    14 ||    61
       Potion            |       |    10 |    10 |    12 |    38 |    42 ||   112
 Stab: Sleeping          |     7 |     9 |    31 |    65 |   254 |   273 ||   639
       Confused          |       |     3 |     4 |     3 |    11 |     8 ||    29
       Distracted        |       |     1 |       |       |     6 |     4 ||    11
       Paralysed         |       |       |     6 |    15 |    33 |    38 ||    92
       Held in net/web   |       |       |       |       |       |     1 ||     1
  Eat: Corpse            |       |       |     1 |       |       |    13 ||    14
Armor: Robe              |    22 |    41 |    74 |       |       |       ||   137
       Leather armour    |       |       |    37 |   171 |   324 |   217 ||   749
Dodge: Dodged            |    66 |    88 |   182 |   305 |   668 |   805 ||  2114
Block: Buckler           |       |       |       |       |       |   340 ||   340
       Reflection        |       |       |       |       |       |    28 ||    28
       Other             |       |       |       |       |       |     1 ||     1
